 Dungeon Crawl Stone Soup version 0.21.1-1-g345015fe64 (webtiles) character file.

1554 Kohma the Stinger (level 8, 0/36 HPs)
             Began as a Spriggan Venom Mage on June 26, 2018.
             Was a Believer of Nemelex Xobeh.
             Killed from afar by Dowan (14 damage)
             ... with a stone arrow
             ... on level 5 of the Dungeon.
             The game lasted 00:28:31 (8911 turns).

Kohma the Stinger (Spriggan Venom Mage)             Turns: 8911, Time: 00:28:32

Health: 0/36       AC:  2    Str:  4    XL:     8   Next: 57%
Magic:  0/16       EV: 21    Int: 18    God:    Nemelex Xobeh [**....]
Gold:   271        SH:  0    Dex: 17    Spells: 4/17 levels left

rFire    . . .     SeeInvis +   r - +1 dagger (freeze)
rCold    . . .     Gourm    .   (shield restricted)
rNeg     . . .     Faith    .   a - +0 robe
rPois    .         Spirit   .   (helmet restricted)
rElec    .         Reflect  .   (no cloak)
rCorr    .         Harm     .   (gloves unavailable)
MR       +....                  (boots unavailable)
Stlth    ++........             (no amulet)
HPRegen  0.12/turn              (no ring)
MPRegen  0.15/turn              (no ring)

@: very slightly contaminated, very quick
A: very small, unfitting armour, see invisible, herbivore, speed 3, slow
metabolism 2
a: Renounce Religion


You were on level 5 of the Dungeon.
You worshipped Nemelex Xobeh.
Nemelex Xobeh was pleased with you.
You were not hungry.

You visited 1 branch of the dungeon, and saw 5 of its levels.

You collected 271 gold pieces.

Inventory:

Hand Weapons
 l - a +0 dagger of distortion
 r - a +1 dagger of freezing (weapon)
Missiles
 h - a throwing net (quivered)
 m - 44 bolts
 p - 85 arrows
 t - 8 needles of paralysis
Armour
 a - a +0 robe (worn)
Magical Staves
 i - an uncursed staff of earth
Scrolls
 d - 2 scrolls of enchant weapon
 j - 4 scrolls of teleportation
 o - 2 scrolls of fog
 v - 2 scrolls of remove curse
Potions
 f - a potion of mutation
 g - a potion of resistance
 k - 2 potions of heal wounds {unknown}
 q - a potion of invisibility {unknown}
 s - a potion of ambrosia {unknown}
 u - a potion of brilliance {unknown}
 w - a potion of curing
Books
 b - a Young Poisoner's Handbook

   Spells                             Type                      Level
   a - Sting                          Conjuration/Poison           1
   b - Poisonous Vapours              Poison/Air                   2
   c - Mephitic Cloud                 Conjuration/Poison/Air       3
   d - Olgreb's Toxic Radiance        Poison                       4
   e - Venom Bolt                     Conjuration/Poison           5
 e - a book of Misfortune

   Spells                             Type                      Level
   a - Confusing Touch                Hexes                        1
   b - Confuse                        Hexes                        3
   c - Gell's Gravitas                Translocation                3
   d - Petrify                        Transmutation/Earth          4
   e - Metabolic Englaciation         Hexes/Ice                    5
   f - Yara's Violent Unravelling     Hexes/Transmutation          5
Miscellaneous
 n - a plain deck of summoning {drawn: 5}
Comestibles
 c - 5 rations


   Skills:
 + Level 3.4 Short Blades
 - Level 6.0 Dodging
 - Level 3.0 Stealth
 - Level 5.0 Spellcasting
 - Level 2.0 Conjurations
 - Level 4.1 Hexes
 - Level 4.0 Air Magic
 * Level 6.8 Poison Magic


You had 4 spell levels left.
You knew the following spells:

 Your Spells              Type           Power        Failure   Level  Hunger
a - Sting                 Conj/Pois      ###.         2%          1    None
b - Poisonous Vapours     Pois/Air       ###...       2%          2    #......
c - Mephitic Cloud        Conj/Pois/Air  ###.....     7%          3    ##.....
d - Olgreb's Toxic Radia  Pois           ####....     8%          4    ####...
e - Confuse               Hex            ###.....     8%          3    ##.....


Dungeon Overview and Level Annotations

Branches:
Dungeon (5/15)
 Temple: D:4-7

Altars:
Fedhas
Gozag
Makhleb
Nemelex Xobeh
Sif Muna

Annotations:
D:1 exclusion: downstairs
D:3 exclusion: oklob plant
D:4 exclusion: downstairs
D:5 Dowan


Innate Abilities, Weirdness & Mutations

You are very small and have problems with some larger weapons.
You are too small for most types of armour.
You have supernaturally acute eyesight. (SInv)
You are a herbivore.
You cover ground extremely quickly.
You need consume almost no food.


Message History

Press: ? - help, Dir - move target cursor, f - Dowan
Aim: Dowan, wielding a dagger and wearing a robe (almost dead, fast) Poisonous vapours surround Dowan!
Dowan is engulfed in poison gas.
Dowan is poisoned.
Casting: Poisonous Vapours
Confirm with . or Enter, or press ? or * to list all spells.
Aiming: Poisonous Vapours
Press: ? - help, Dir - move target cursor, f/p - Dowan
Aim: Dowan, wielding a dagger and wearing a robe (almost dead, fast, poisoned)
You miscast Poisonous Vapours.
You are very lightly contaminated with residual magic.
You feel momentarily weightless.
Dowan casts a spell.
Dowan blinks!
You completely miss the plant.
The plant is lightly damaged.
Dowan casts a spell at you. The stone arrow hits you!
You die...
Your body disappears without a glow.

c.........#..........#..#.#.....#
#.......<.#..........#..#(#...#.#
#.........##.........#.##.#...#.#
#.........###'########.##.#...###
#... .....# #.### #.##.#...### ...
....###...## #.........##
####.##.......#..#####.........##
..................e.##......[..##
..####..#####..P@...ยง.......#....
#.a#)..#######..####'###.[.#
#..'.).'.['.)#..# #.# #[..#
..##+#..#####..#..#..# #.####...
............#######..# #......>.
.....................# ########.
....##+##............# #. .##+
####P.#'##...# #. #..#).#...# #.


You could see Dowan.

Vanquished Creatures
  Duvessa (D:5)
  2 ogres (D:4)
  A bullfrog (D:5)
  2 scorpions (D:5)
  2 howler monkeys (D:4)
  A crimson imp (D:5)
  A hound (D:4)
  7 orc priests
  9 orc wizards
  Jessica (D:2)
  An iguana (D:4)
  2 worker ants (D:5)
  Natasha (twice) (D:2)
  Robin (D:3)
  6 adders
  An adder zombie (D:5)
  2 worms
  4 dart slugs
  4 leopard geckos
  19 orcs
  14 bats
  2 giant cockroaches
  13 goblins
  9 hobgoblins
  9 jackals
  7 kobolds
  2 quokkas
  A ball python (D:5)
  7 frilled lizards
  A quokka zombie (D:5)
  9 rats
143 creatures vanquished.

Vanquished Creatures (collateral kills)
  A phantom (D:2)
  A bullfrog (D:3)
  An orc priest (D:3)
  An orc wizard (D:3)
  Natasha (D:2)
  A hound zombie (D:3)
  An adder (D:2)
  2 orcs (D:3)
  A goblin (D:3)
10 creatures vanquished.

Vanquished Creatures (others)
  2 fungi (D:3)
  8 toadstools (D:3)
10 creatures vanquished.

Grand Total: 163 creatures vanquished

Notes
Turn   | Place    | Note
-------+----------+-------------------------------------------
     0 | D:1      | Kohma the Spriggan Venom Mage began the quest for the Orb.
     0 | D:1      | Reached XP level 1. HP: 9/9 MP: 5/5
   180 | D:1      | Reached XP level 2. HP: 13/13 MP: 0/6
   184 | D:1      | Learned a level 2 spell: Poisonous Vapours
   685 | D:1      | Found a sparkling altar of Nemelex Xobeh.
   758 | D:1      | Became a worshipper of Nemelex Xobeh the Trickster
   763 | D:1      | Received a gift from Nemelex Xobeh
   988 | D:1      | Reached XP level 3. HP: 12/16 MP: 0/8
  1297 | D:2      | Noticed Jessica
  1298 | D:2      | Noticed a phantom
  1315 | D:2      | Killed Jessica
  1562 | D:2      | Noticed Natasha
  1634 | D:2      | Killed Natasha
  1634 | D:2      | Reached XP level 4. HP: 19/21 MP: 2/10
  1645 | D:2      | Noticed Natasha
  1956 | D:2      | Killed Natasha
  1956 | D:2      | Reached skill level 5 in Dodging
  1991 | D:2      | Noticed Natasha
  2234 | D:2      | Learned a level 3 spell: Mephitic Cloud
  2239 | D:2      | Learned a level 4 spell: Olgreb's Toxic Radiance
  2276 | D:2      | Killed a phantom
  2276 | D:2      | Reached XP level 5. HP: 15/24 MP: 8/11
  2283 | D:2      | Killed Natasha
  2283 | D:2      | Reached skill level 1 in Air Magic
  2571 | D:2      | Found a burning altar of Makhleb.
  2857 | D:2      | Found an opulent altar of Gozag.
  3628 | D:3      | Noticed Robin
  3646 | D:3      | Killed Robin
  4126 | D:3      | Reached skill level 1 in Conjurations
  4126 | D:3      | Reached XP level 6. HP: 27/28 MP: 10/13
  4171 | D:3      | Reached * piety under Nemelex Xobeh
  5008 | D:3      | Reached skill level 5 in Spellcasting
  5075 | D:3      | Found a blossoming altar of Fedhas.
  5088 | D:3      | Reached XP level 7. HP: 32/32 MP: 8/15
  5149 | D:3      | Noticed an oklob plant
  5485 | D:4      | Learned a level 3 spell: Confuse
  6079 | D:4      | Reached skill level 1 in Hexes
  6079 | D:4      | Reached skill level 5 in Poison Magic
  6269 | D:4      | Found a deep blue altar of Sif Muna.
  6282 | D:4      | Reached skill level 1 in Short Blades
  6881 | D:4      | Reached XP level 8. HP: 36/36 MP: 8/16
  7079 | D:5      | Entered Level 5 of the Dungeon
  7467 | D:5      | Reached ** piety under Nemelex Xobeh
  8816 | D:5      | Noticed Dowan
  8839 | D:5      | Noticed Duvessa
  8874 | D:5      | Killed Duvessa
  8911 | D:5      | Killed from afar by Dowan

Skill      XL: |  1  2  3  4  5  6  7  8 |
---------------+-------------------------+-----
Spellcasting   | 3 4 5 |  5.0
Dodging        | 4 5 6 |  6.0
Poison Magic   | 4 5 6 |  6.8
Air Magic      | 2 3 4 |  4.0
Conjurations   | 1 2 |  2.0
Hexes          | 2 4 |  4.1
Short Blades   | 1 3 |  3.4
Stealth        | |  3.0

Action                   |  1- 3 |  4- 6 |  7- 9 || total
-------------------------+-------+-------+-------++-------
Melee: Dagger            |    20 |    22 |   193 ||   235
 Cast: Sting             |    13 |     5 |     2 ||    20
       Poisonous Vapours |    38 |    92 |    77 ||   207
       Olgreb's Toxic Ra |       |     3 |     3 ||     6
       Confuse           |       |       |    16 ||    16
       Mephitic Cloud    |       |       |     2 ||     2
Evoke: Deck              |     1 |     3 |     1 ||     5
  Use: Scroll            |       |     8 |     3 ||    11
 Stab: Sleeping          |       |     1 |     2 ||     3
       Confused          |       |       |     1 ||     1
  Eat: Ration            |       |     4 |     3 ||     7
Armor: Robe              |     9 |     1 |     9 ||    19
Dodge: Dodged            |    57 |    41 |   123 ||   221
